 Dungeon Crawl Stone Soup version 0.24-a0-445-gd5110b030a (console) character file.

Game seed: 11098727109957016354

57349 Voker57 the Dancer (level 14, -1/113 HPs)
             Began as a Demonspawn Monk on June 22, 2019.
             Was a Follower of Uskayaw.
             Slain by Donald
             ... wielding a +0 double sword of electrocution
              (19 damage)
             ... on level 3 of the Lair of Beasts.
             The game lasted 01:03:20 (27657 turns).

Voker57 the Dancer (Demonspawn Monk)               Turns: 27657, Time: 01:03:21

Health: -1/113     AC: 19    Str: 14    XL:     14   Next: 45%
Magic:  14/14      EV: 26    Int: 13    God:    Uskayaw [*.....]
Gold:   362        SH: 13    Dex: 17    Spells: 12/13 levels left

rFire    + + .     SeeInvis .   a - +4 eveningstar (venom)
rCold    + + .     Gourm    .   S - +2 shield
rNeg     + . .     Faith    .   C - +1 chain mail {rF+}
rPois    +         Spirit   .   (helmet restricted)
rElec    .         Reflect  .   N - scarf {rC+ rF+}
rCorr    .         Harm     .   j - +1 pair of gloves
MR       ++...                  u - +0 pair of boots {Fly}
Stlth    ..........             Q - amulet of the acrobat
HPRegen  0.28/turn              J - ring of Rapat {rPois rC+ MR+ MP-9}
MPRegen  0.14/turn              K - ring of positive energy

@: about to teleport, acrobat, flying
A: horns 2, icy blue scales 2, demonic guardian 2, augmentation 2, rot immunity
a: Stomp, Renounce Religion, Stop Flying


You were on level 3 of the Lair of Beasts.
You worshipped Uskayaw.
Uskayaw was pleased with you.
You were not hungry.

You visited 4 branches of the dungeon, and saw 22 of its levels.
You also visited: Sewer.

You collected 2195 gold pieces.
You spent 1833 gold pieces at shops.

Inventory:

Hand Weapons
 a - a +4 eveningstar of venom (weapon)
 o - a +3 morningstar of draining
Armour
 j - a +1 pair of gloves (worn)
 p - a +2 chain mail of poison resistance
 r - a +0 shield
 u - a +0 pair of boots of flying (worn)
 C - a +1 chain mail of fire resistance (worn)
 I - a +2 chain mail of cold resistance
 N - a scarf of resistance (worn)
 O - the +0 ring mail of Vogimp {*Slow Slay+3 SInv}
   (You found it on level 6 of the Lair of Beasts)

   It affects your accuracy and damage with ranged weapons and melee attacks
   (+3).
   It lets you see invisible.
   It may slow you when you take damage.
 S - a +2 shield (worn)
 V - a +0 large shield
Jewellery
 k - a cursed -3 ring of intelligence
 n - an uncursed ring of protection from magic
 A - an uncursed ring of poison resistance
 B - an uncursed ring of fire
 H - a +2 amulet of reflection
 J - the ring of Rapat (left hand) {rPois rC+ MR+ MP-9}
   (You bought it in a shop on level 2 of the Orcish Mines)

   [ring of poison resistance]

   It protects you from cold.
   It protects you from poison.
   It affects your resistance to hostile enchantments.
   It affects your magic capacity (-9).
 K - a ring of positive energy (right hand)
 P - an uncursed ring of protection from cold
 Q - an amulet of the acrobat (around neck)
 U - a cursed amulet of inaccuracy {unknown}
Wands
 b - a wand of enslavement (22)
 d - a wand of flame (27)
 e - a wand of acid (7)
 w - a wand of paralysis (33)
 D - a wand of random effects (59)
 E - a wand of polymorph (10)
 L - a wand of disintegration (12)
 R - a wand of iceblast (15)
Scrolls
 g - 6 scrolls of teleportation
 h - 8 scrolls of identify
 i - 9 scrolls of remove curse
 v - a scroll of blinking
 x - 3 scrolls of fog
 y - a scroll of enchant armour
 F - 4 scrolls of magic mapping
 G - 2 scrolls of amnesia
 T - 2 scrolls of fear
Potions
 f - 5 potions of cancellation
 l - 6 potions of curing
 m - 3 potions of haste
 q - 2 potions of heal wounds
 s - 2 potions of berserk rage
 t - a potion of brilliance
 z - 2 potions of degeneration
 W - 2 potions of flight
 X - 2 potions of might {unknown}
Comestibles
 c - 31 rations


   Skills:
 - Level 11.1 Fighting
 - Level 9.6 Maces & Flails
 - Level 10.1 Armour
 - Level 10.6 Dodging
 - Level 1.7 Stealth
 * Level 9.6 Shields
 - Level 12.5 Invocations
 - Level 2.9 Evocations


You had 12 spell levels left.
You knew the following spells:

 Your Spells              Type           Power        Failure   Level  Hunger
a - Summon Butterflies    Summ           #.......     100%        1    ##.....

Your spell library contained the following spells:

 Spells                   Type           Power        Failure   Level  Hunger
 Animate Skeleton         Necr           N/A          100%        1    ##.....
 Apportation              Tloc           #.....       100%        1    ##.....
 Confusing Touch          Hex            #.....       100%        1    ##.....
 Freeze                   Ice            #...         100%        1    ##.....
 Summon Small Mammal      Summ           #...         100%        1    ##.....
 Poisonous Vapours        Pois/Air       #.....       100%        2    ###....
 Throw Frost              Conj/Ice       #.....       100%        2    ###....
 Call Canine Familiar     Summ           #.......     100%        3    ####...
 Conjure Flame            Conj/Fire      #.......     100%        3    ####...
 Mephitic Cloud           Conj/Pois/Air  #.......     100%        3    ####...
 Ozocubu's Armour         Chrm/Ice       #.......     100%        3    ####...
 Summon Ice Beast         Ice/Summ       #.......     100%        4    #####..
 Throw Icicle             Conj/Ice       #.......     100%        4    #####..
 Summon Mana Viper        Hex/Summ       #.......     100%        5    ######.
 Freezing Cloud           Conj/Ice/Air   #.........   100%        6    #######
 Ring of Flames           Chrm/Fire      #.........   100%        7    #######
 Summon Hydra             Summ           #.........   100%        7    #######


Dungeon Overview and Level Annotations

Branches:
Dungeon (13/15)            Temple (0/1) D:4            Lair (6/6) D:10
  Swamp (0/4) Lair:2        Snake (1/4) Lair:3        Slime (0/5) Lair:5
    Orc (2/2) D:12            Elf (0/3) Orc:2        Vaults (0/5) D:13

Altars:
Ashenzari
Cheibriados
Dithmenos
Elyvilon
Gozag
Kikubaaqudgha
Makhleb
Nemelex Xobeh
Okawaru
Qazlal
Ru
Trog
Uskayaw
Vehumet
The Shining One
Beogh

Shops:
D:5 !   D:10 ??*?   D:13 !   Orc:2 ([=*

Annotations:
Lair:2 exclusion: 2 oklob plants
Lair:3 Donald


Innate Abilities, Weirdness & Mutations

You have a pair of horns on your head.
You are mostly covered in icy blue scales. (AC +3)
A demonic guardian rushes to your aid.
Your magical and physical power is enhanced at high health.
You are immune to rotting.


Message History

Your headbutt misses the anaconda. The anaconda grabs you.
The anaconda barely misses you. The anaconda constricts you.
Donald hits you but does no damage.
You are electrocuted!
* * * LOW HITPOINT WARNING * * *
The anaconda's grasp on you weakens, but your attempt to escape fails.
The anaconda loses its grip on you. You block Donald's attack.
The anaconda grabs you. The anaconda barely misses you.
* * * LOW HITPOINT WARNING * * *
The anaconda constricts you.
As you read the scroll of teleportation, it crumbles to dust.
You feel strangely unstable. The black mamba barely misses you.
You block the anaconda's attack. The anaconda constricts you.
Donald misses you. The black mamba bites you!
* * * LOW HITPOINT WARNING * * *
You block the anaconda's attack. The anaconda constricts you.
Unknown command.
You escape the anaconda's grasp.
Your sixfirhy barely misses the anaconda.
Donald hits you with a +0 double sword of electrocution!!
You die...

........................#
...............#.P.#....#
..............##P..#...##
#.######.......#...##..#
.#.###........##....#..#
#.............+....#...#
......##......P....##..#
#.....#.............?..#
..............P.....#..#
##.#.##........#@S3.+..#
###..###.....>###@S#...#
...............#.#..#..##
........................##
.........................#
...............!.......###
.......................#
#.#'####...............##
###.#..#...###.+#.#.....#
##.....+....##..####....#


You could see Donald, an anaconda, a black mamba and a friendly sixfirhy.

Vanquished Creatures
  Kirke (Lair:4)
  2 orc warlords (Orc:2)
  2 dire elephants (Lair:6)
  Josephine (D:10)
  2 vault guards (D:13)
  2 hydras
  An anaconda (Lair:6)
  2 centaur warriors (D:13)
  A death knight (D:12)
  A two-headed ogre (D:13)
  2 death yaks
  An orc high priest (Orc:1)
  2 slime creatures
  A skeletal warrior (D:12)
  5 orc knights
  An ugly thing (D:12)
  2 deep elf magi
  2 black mambas (Lair:6)
  4 elephants (Lair:6)
  11 spiny frogs
  2 rime drakes
  A torpor snail (Lair:3)
  5 komodo dragons
  10 trolls
  A polar bear (shapeshifter) (D:13)
  A polar bear (Lair:6)
  3 hippogriffs
  5 blink frogs
  5 dream sheep (Lair:4)
  2 bog bodies (Lair:2)
  A shadow (D:12)
  4 wraiths
  10 yaks
  4 wyverns
  A hog (Lair:4)
  A basilisk (Lair:6)
  Grum (D:9)
  A warg (Orc:1)
  An acid dragon (D:11)
  11 water moccasins
  9 porcupines
  A hornet zombie (D:10)
  22 orc warriors
  4 ice beasts
  4 sky beasts
  2 phantoms
  A black bear (D:6)
  2 necrophages
  12 wolves
  5 centaurs
  10 ogres
  15 crocodiles
  A big kobold (Sewer)
  A gnoll sergeant (D:9)
  13 bullfrogs
  3 scorpions
  9 killer bees
  2 vampire bats (Lair:4)
  9 wights
  A howler monkey (D:4)
  4 electric eels
  3 centaur zombies
  6 crimson imps
  A bullfrog zombie (D:9)
  6 bullfrog skeletons
  2 jellies
  3 hounds
  17 orc wizards
  14 orc priests
  5 centaur skeletons
  6 iguanas
  3 hell rats
  9 worker ants
  A killer bee zombie (D:8)
  A hound zombie (D:11)
  A hound skeleton (D:4)
  2 worker ant zombies
  5 gnolls (D:9)
  6 river rats
  14 adders
  A shadow imp (D:13)
  2 oozes
  3 adder skeletons
  3 worms
  13 dart slugs
  3 leopard geckos
  68 orcs
  7 giant cockroaches
  7 hobgoblins
  21 jackals
  5 quokkas
  3 ball pythons
  11 bats
  8 frilled lizards
  10 goblins
  11 kobolds
  2 leopard gecko skeletons (D:8)
  A leopard gecko zombie (D:5)
  A quokka skeleton (D:6)
  A quokka zombie (D:5)
  12 rats
  A plant (Lair:6)
545 creatures vanquished.

Vanquished Creatures (collateral kills)
  The ghost of Qiarch the Brawler, a journeyman TrWr of Ru (Lair:3)
  2 dire elephants (Lair:6)
  3 hydras
  2 vault guards (D:13)
  2 centaur warriors
  A two-headed ogre (D:13)
  4 death yaks
  A skeletal warrior (D:12)
  3 orc knights
  2 ugly things (D:11)
  2 orc sorcerers (Orc:2)
  A centaur zombie (D:10)
  Psyche (D:10)
  A rime drake (Lair:4)
  A komodo dragon (Lair:1)
  A slime creature (D:12)
  A dream sheep (Lair:4)
  A hippogriff (Lair:2)
  A shadow (D:13)
  A wraith (D:12)
  5 yaks
  2 wargs (Orc:2)
  2 water moccasins
  4 orc warriors
  2 porcupines
  An ice beast (D:12)
  2 ogres
  A centaur (D:10)
  7 wolves
  A crocodile (Lair:3)
  A big kobold (D:10)
  A bullfrog (Lair:1)
  A killer bee (D:12)
  A bullfrog zombie (D:2)
  3 orc priests
  A bullfrog skeleton (D:13)
  2 orc wizards
  A hell rat (Lair:4)
  A worker ant (D:6)
  10 orcs
  A jackal (Sewer)
  A kobold (Sewer)
  A rat (Lair:4)
84 creatures vanquished.

Vanquished Creatures (others)
  2 humans (Lair:4)
  2 orc warriors (Orc:2)
  2 ogres
  A killer bee (D:12)
  A hell rat (Lair:4)
  2 river rats (Lair:4)
  An orc (D:11)
  A rat (Lair:4)
  9 fungi
  11 plants
32 creatures vanquished.

Grand Total: 661 creatures vanquished

Notes
Turn   | Place    | Note
-------+----------+-------------------------------------------
     0 | D:1      | Voker57 the Demonspawn Monk began the quest for the Orb.
     0 | D:1      | Reached XP level 1. HP: 18/18 MP: 1/1
   202 | D:1      | Gained mutation: A weak demonic guardian rushes to your
                  | aid. [demonic ancestry]
   202 | D:1      | Reached XP level 2. HP: 24/24 MP: 2/2
   846 | D:1      | Gained mutation: You are immune to rotting. [demonic
                  | ancestry]
   846 | D:1      | Reached XP level 3. HP: 19/29 MP: 3/3
  1476 | D:2      | Found an iron altar of Okawaru.
  1573 | D:2      | Reached skill level 1 in Armour
  1780 | D:2      | Gained mutation: You are partially covered in icy blue
                  | scales. (AC +2) [demonic ancestry]
  1780 | D:2      | Reached XP level 4. HP: 35/37 MP: 4/4
  1955 | D:3      | Found a faded altar of an unknown god.
  2122 | D:3      | Became a worshipper of Uskayaw the Reveler
  2122 | D:3      | Reached * piety under Uskayaw
  2122 | D:3      | Reached ** piety under Uskayaw
  2252 | D:3      | Gained mutation: You have a pair of small horns on your
                  | head. [demonic ancestry]
  2252 | D:3      | Reached XP level 5. HP: 32/42 MP: 5/5
  2569 | D:3      | Reached skill level 1 in Invocations
  2969 | D:4      | Found a staircase to the Ecumenical Temple.
  2979 | D:4      | Reached skill level 2 in Invocations
  3140 | D:4      | Gained mutation: You have a pair of horns on your head.
                  | [demonic ancestry]
  3140 | D:4      | Reached XP level 6. HP: 37/49 MP: 7/7
  3600 | D:4      | Reached skill level 3 in Invocations
  3643 | D:5      | Entered Level 5 of the Dungeon
  3647 | D:5      | Noticed a hippogriff
  3654 | D:4      | Reached skill level 5 in Fighting
  3733 | D:5      | Reached XP level 7. HP: 55/56 MP: 9/9
  3838 | D:5      | Killed a hippogriff
  4134 | D:5      | Found an opulent altar of Gozag.
  4136 | D:5      | Found a bloodstained altar of Trog.
  4139 | D:5      | Found a glowing golden altar of the Shining One.
  4140 | D:5      | Found an ancient bone altar of Kikubaaqudgha.
  4140 | D:5      | Found a snail-covered altar of Cheibriados.
  4141 | D:5      | Found a hide-covered altar of Uskayaw.
  4142 | D:5      | Found a shadowy altar of Dithmenos.
  4144 | D:5      | Found a white marble altar of Elyvilon.
  4145 | D:5      | Found a radiant altar of Vehumet.
  4185 | D:5      | Found a shattered altar of Ashenzari.
  4241 | D:5      | Reached skill level 4 in Invocations
  4483 | D:5      | Found Etemou's Distillery.
  4486 | D:5      | Bought a potion of curing for 36 gold pieces
  4486 | D:5      | Bought a potion of mutation for 96 gold pieces
  4486 | D:5      | Bought a potion of heal wounds for 60 gold pieces
  4785 | D:6      | Reached skill level 5 in Dodging
  5069 | D:6      | Found a sparkling altar of Nemelex Xobeh.
  5084 | D:6      | Reached skill level 5 in Invocations
  5084 | D:6      | Reached XP level 8. HP: 47/64 MP: 11/11
  5157 | D:6      | Found a glowing drain.
  5198 | Sewer    | Entered a sewer
  5297 | Sewer    | Found a white marble altar of Elyvilon.
  5579 | D:6      | Reached skill level 6 in Invocations
  5579 | D:6      | Reached *** piety under Uskayaw
  5581 | D:6      | Reached **** piety under Uskayaw
  5587 | D:6      | Reached ***** piety under Uskayaw
  5975 | D:6      | Reached skill level 5 in Armour
  6208 | D:7      | Gained mutation: Your magical and physical power is
                  | slightly enhanced at high health. [demonic ancestry]
  6208 | D:7      | Reached XP level 9. HP: 71/71 MP: 14/14
  6225 | D:7      | Reached skill level 7 in Invocations
  7493 | D:8      | Found a burning altar of Makhleb.
  7560 | D:8      | Reached skill level 8 in Invocations
  8106 | D:9      | Noticed a troll
  8121 | D:9      | Killed a troll
  8343 | D:9      | lol
  8362 | D:9      | Gained mutation: Your magical and physical power is
                  | enhanced at high health. [demonic ancestry]
  8362 | D:9      | Reached XP level 10. HP: 53/80 MP: 11/16
  8648 | D:9      | Found a sacrificial altar of Ru.
  8762 | D:9      | Reached skill level 9 in Invocations
  8823 | D:9      | Noticed a centaur warrior
  8828 | D:9      | Killed a centaur warrior
  8967 | D:9      | Noticed Grum
  8973 | D:9      | Killed Grum
  9047 | D:9      | Found a stormy altar of Qazlal.
  9183 | D:10     | Entered Level 10 of the Dungeon
  9267 | D:10     | Found Ozuff's Magic Scroll Shop.
  9360 | D:10     | Noticed Josephine
  9372 | D:10     | Killed Josephine
  9372 | D:10     | Reached skill level 10 in Invocations
  9654 | D:10     | Gained mutation: A demonic guardian rushes to your aid.
                  | [demonic ancestry]
  9654 | D:10     | Reached XP level 11. HP: 60/89 MP: 18/18
  9828 | D:10     | Noticed a six-headed hydra
  9836 | D:10     | Killed a six-headed hydra
  9934 | D:10     | Found Reonumat's Magic Scroll Shop.
  9954 | D:10     | Found Isaipliu's Magic Scroll Shoppe.
  9964 | D:10     | gotta hit orc mines early
  9984 | D:10     | yeaaaaah
 10047 | D:10     | Found Ruelos's Assorted Antiques.
 10055 | D:10     | Bought a scroll labeled MABRYDOYGRE for 31 gold pieces
 10063 | D:10     | Noticed a death yak
 10252 | D:10     | Noticed a death yak
 10252 | D:10     | Noticed a death yak
 10253 | D:10     | Noticed Psyche
 10258 | D:10     | Killed Psyche
 10261 | D:10     | Killed a death yak
 10261 | D:10     | Reached skill level 11 in Invocations
 10262 | D:10     | Killed a death yak
 10269 | D:10     | Killed a death yak
 10577 | D:10     | Found a staircase to the Lair.
 10682 | Lair:1   | Entered Level 1 of the Lair of Beasts
 11477 | Lair:1   | Reached skill level 10 in Fighting
 12681 | Lair:2   | ok time to poke orc
 13100 | D:11     | Noticed a five-headed hydra
 13105 | D:11     | Reached skill level 12 in Invocations
 13109 | D:11     | Killed a five-headed hydra
 13141 | D:11     | Noticed a deep elf mage
 13150 | D:11     | Killed a deep elf mage
 13289 | D:11     | Noticed a brown ugly thing
 13294 | D:11     | Killed a brown ugly thing
 13294 | D:11     | Gained mutation: You are mostly covered in icy blue scales.
                  | (AC +3) [demonic ancestry]
 13294 | D:11     | Reached XP level 12. HP: 98/98 MP: 21/21
 13911 | D:12     | Noticed a death knight
 13925 | D:12     | Killed a death knight
 13937 | D:12     | Found a staircase to the Orcish Mines.
 14176 | D:12     | Found a snail-covered altar of Cheibriados.
 14202 | D:12     | Reached skill level 10 in Dodging
 14764 | Orc:1    | Entered Level 1 of the Orcish Mines
 15466 | Orc:1    | Reached skill level 1 in Evocations
 15471 | Orc:1    | Noticed an orc high priest
 15714 | Orc:1    | Killed an orc high priest
 15809 | Orc:1    | Found a roughly hewn altar of Beogh.
 16227 | Orc:1    | Reached skill level 10 in Armour
 16460 | Orc:2    | Entered Level 2 of the Orcish Mines
 16470 | Orc:2    | Found Qiocu's Jewellery Shoppe.
 16532 | Orc:2    | Bought the ring of Rapat {rPois rC+ MR+ MP-9} for 310 gold
                  | pieces
 16562 | Orc:2    | Noticed an orc warlord
 17131 | D:10     | Bought a scroll of acquirement for 624 gold pieces
 17617 | Lair:2   | Noticed a five-headed hydra
 17622 | Lair:2   | Killed a five-headed hydra
 17622 | Lair:2   | Reached skill level 5 in Maces & Flails
 17939 | Lair:2   | Found a staircase to the Swamp.
 17945 | Lair:2   | Reached XP level 13. HP: 86/106 MP: 13/22
 18349 | Lair:3   | Found a staircase to the Snake Pit.
 18633 | Lair:3   | Found a runed translucent gate.
 18638 | Lair:3   | Found a runed translucent gate.
 18639 | Lair:3   | Found a runed translucent gate.
 18640 | Lair:3   | Noticed Qiarch's ghost (journeyman TrWr)
 18655 | Lair:3   | fuck torpor
 18679 | Lair:3   | Killed Qiarch's ghost
 19956 | Lair:4   | Noticed Kirke
 19967 | Lair:4   | Killed Kirke
 20717 | Orc:2    | Noticed an orc warlord
 20721 | Orc:2    | sooqa
 20724 | Orc:2    | Found Onkes's General Store.
 20729 | Orc:2    | where is my backup
 20837 | Orc:2    | Found Cuischeu's Antique Armour Emporium.
 20877 | Orc:2    | Found a staircase to the Elven Halls.
 21270 | Orc:2    | Paralysed by an orc sorcerer for 6 turns
 21913 | Lair:5   | Reached skill level 1 in Shields
 22068 | Lair:5   | Found a staircase to the Slime Pits.
 22569 | Lair:6   | Entered Level 6 of the Lair of Beasts
 23347 | Lair:6   | Reached skill level 5 in Shields
 24125 | Lair:6   | Got a spiked ring mail
 24126 | Lair:6   | Identified the +0 ring mail of Vogimp {*Slow Slay+3 SInv}
                  | (You found it on level 6 of the Lair of Beasts)
 24281 | Lair:6   | Noticed a dire elephant
 24290 | Lair:6   | Noticed a dire elephant
 24656 | Lair:6   | Killed a dire elephant
 24939 | Lair:6   | Reached XP level 14. HP: 103/113 MP: 14/23
 25192 | Lair:6   | Learned a level 1 spell: Summon Butterflies
 25404 | Orc:2    | DIE DIE DIE DIE
 25414 | Orc:2    | Killed an orc warlord
 25500 | Orc:2    | let's try for merger
 25507 | Orc:2    | not enough fodder...
 25513 | Orc:2    | Killed an orc warlord
 25515 | Orc:2    | meh ez
 25518 | Orc:2    | hmm gong
 25772 | Orc:2    | Found Plog's Antique Weapon Emporium.
 25990 | D:10     | Bought a scroll of acquirement for 676 gold pieces
 25993 | D:10     | suitable
 26597 | D:13     | Found a gate to the Vaults.
 26885 | D:13     | Found Umuwnung's Distillery.
 27334 | Snake:1  | Entered Level 1 of the Snake Pit
 27334 | Snake:1  | Identified the +5 shield "Beuheusk" {Regen+}
 27334 | Snake:1  | Noticed Donald
 27657 | Lair:3   | Slain by Donald

Levels and vault maps discovered:
D:1:      eino_arrival_tree_alley, layout_basic, serial_glass, glass_columns_c,
          glass_columns_b, glass_columns_a, glass_columns_c, glass_columns_a
D:2:      layout_basic, okawaru_ov_weapons_minmay, first_ration
D:3:      kennysheep_slugbush, layout_rooms, chequers_ecumenical_altar_simple
D:4:      layout_rooms, temple_statues
D:5:      layout_loops_cross, nicolae_overflow_hidden_temple,
          overflow_temple_1_default, minitemple, serial_shops, kennysheep_mini
D:6:      black_bear_nest_1, layout_loops_ring, lemuel_crystal_altar,
          portal_sewer_entry_a
D:7:      layout_basic, grunt_ogre_cave
D:8:      layout_basic, makhleb_heckhound_becter
D:9:      wad_cavern_with_rooms, layout_basic, kennysheep_little_box,
          nicolae_ru_the_path_less_chosen, uniq_grum
D:10:     layout_loops_ring, dpeg_lair_monsters, serial_shops,
          nicolae_shop_temple_entry_statues_fountains, shop_fountains,
          nicolae_shop_stone, shop, uniq_psyche, uniq_josephine
D:11:     layout_loops_ring, kennysheep_generic_room_16
D:12:     layout_loops_cross, orc_0_dummy, basic_altar
D:13:     layout_gridville, lightli_vaults_fourway_checkpoint, serial_shops,
          shop
Lair:1:   layout_concentric_octagons, infiniplex_staircase_pool,
          serial_bayou_shore_b, grunt_megastairs_3, lemuel_fruit_tree
Lair:2:   layout_hall_layers, skrybe_swamp_entry_bodies,
          minmay_lair_oklob_chamber
Lair:3:   layout_regular_city, dummy_snake_entry, gammafunk_ghost_split,
          cheibrodos_lair_reptile_den, serial_bayou_shore_b,
          infiniplex_staircase_pool_2
Lair:4:   layout_hall_layers, nicolae_quartered_pool_super, roderic_batcave,
          kennysheep_abandoned_house, uniq_kirke
Lair:5:   layout_concentric_octagons, slime_dummy
Lair:6:   due_jungle_book, layout_gridlike, serial_bayou_lagoon_b
Snake:1:  layout_layer_cave, basic_altar, portal_ice_cave_entry_pillars_three,
          serial_bayou_shore_a, grunt_megastairs_2, uniq_jorgrun, uniq_donald,
          uniq_asterion
Orc:1:    layout_caves, special_room [special_room_orc]
Orc:2:    grunt_orc_gardens, layout_diamond_mine, grunt_orc_garden,
          grunt_orc_garden, grunt_orc_garden, grunt_orc_garden

Skill      XL: |  1  2  3  4  5  6  7  8  9 10 11 12 13 14 |
---------------+-------------------------------------------+-----
Dodging        | 3 4 5 6 7 8 9 10 | 10.6
Armour         | 1 2 3 5 6 7 9 10 | 10.1
Fighting       | 4 5 6 8 9 10 11 | 11.1
Invocations    | 2 3 5 6 8 10 12 | 12.5
Maces & Flails | 5 9 |  9.6
Evocations     | 2 |  2.9
Shields        | 6 9 |  9.6
Stealth        | |  1.7

Action                   |  1- 3 |  4- 6 |  7- 9 | 10-12 | 13-15 || total
-------------------------+-------+-------+-------+-------+-------++-------
Melee: Mace              |   143 |    13 |       |       |       ||   156
       Morningstar       |       |   120 |   356 |   533 |   370 ||  1379
       Headbutt          |       |    17 |    55 |   117 |    95 ||   284
       Eveningstar       |       |       |       |       |    78 ||    78
Invok: Stomp             |       |     1 |    12 |    10 |     1 ||    24
       Line Pass         |       |       |     5 |     2 |     4 ||    11
 Abil: Evoke Berserk Rag |       |       |       |     2 |       ||     2
Evoke: Wand              |       |     1 |     2 |    16 |    24 ||    43
  Use: Scroll            |       |     9 |     2 |     8 |    20 ||    39
       Potion            |       |       |     4 |     8 |     3 ||    15
 Stab: Sleeping          |     2 |     1 |     1 |       |       ||     4
       Paralysed         |       |       |     4 |    18 |    21 ||    43
       Confused          |       |       |     2 |       |     1 ||     3
       Distracted        |       |       |     1 |       |       ||     1
  Eat: Chunk             |     3 |     7 |    10 |    30 |    15 ||    65
       Ration            |       |       |     2 |     2 |     5 ||     9
Armor: Ring mail         |    49 |    66 |   189 |    44 |       ||   348
       Chain mail        |       |       |       |   341 |   185 ||   526
Dodge: Dodged            |   103 |   114 |   317 |   426 |   256 ||  1216
Block: Shield            |       |       |       |       |   155 ||   155
       Other             |       |       |       |       |     8 ||     8

Table legend:
 A = Non-vault XP
 B = Vault XP
 C = Vault XP percentage of total XP
 D = Non-vault monster count
 E = Vault monster count
 F = Vault count percentage of total count
                 A         B        C        D         E       F
            +---------+---------+-------+---------+---------+-------
      Total |   50923 |   31005 |  37.8 |     478 |     150 |  23.9
            +---------+---------+-------+---------+---------+-------
        D:1 |      42 |       0 |   0.0 |      25 |       0 |   0.0
        D:2 |      85 |       0 |   0.0 |      22 |       0 |   0.0
        D:3 |      95 |      44 |  31.7 |      28 |      11 |  28.2
        D:4 |     438 |       0 |   0.0 |      17 |       0 |   0.0
        D:5 |     402 |       0 |   0.0 |      17 |       0 |   0.0
        D:6 |    1288 |     158 |  10.9 |      44 |       8 |  15.4
        D:7 |     634 |     122 |  16.1 |      20 |       1 |   4.8
        D:8 |    1014 |      43 |   4.1 |      25 |       1 |   3.8
        D:9 |    1577 |    1620 |  50.7 |      29 |       7 |  19.4
       D:10 |    4540 |    3902 |  46.2 |      37 |      12 |  24.5
       D:11 |    3176 |      63 |   1.9 |      19 |       1 |   5.0
       D:12 |    6183 |       3 |   0.0 |      32 |       1 |   3.0
       D:13 |    3593 |    5702 |  61.3 |      13 |      11 |  45.8
     Lair:1 |    2989 |     279 |   8.5 |      20 |       3 |  13.0
     Lair:2 |    3187 |     930 |  22.6 |      20 |       3 |  13.0
     Lair:3 |    2542 |    2367 |  48.2 |      14 |      12 |  46.2
     Lair:4 |    3116 |    3117 |  50.0 |      17 |      17 |  50.0
     Lair:5 |    1005 |       0 |   0.0 |       6 |       0 |   0.0
     Lair:6 |   11613 |    2440 |  17.4 |      32 |       5 |  13.5
      Orc:1 |     749 |    3490 |  82.3 |      11 |      24 |  68.6
      Orc:2 |    2655 |    6614 |  71.4 |      30 |      23 |  43.4
      Sewer |       0 |     111 | 100.0 |       0 |      10 | 100.0
            +---------+---------+-------+---------+---------+-------
